AoeStats
← 小生怕怕

MegaRandom

509921533Analyzed
4v4 RM · 3d ago on Sep 28, 2026· 15m 59s· 8 players
Game mode
Random Map
Map size
Large (8 player)
Population
200
Speed
Normal
Resources
Standard
Victory
Conquest
Starting age
Dark Age
Ending age
Imperial Age
RankedLock teamsTeams togetherTeam positionsShared explorationLock speedFull tech treeHidden civsTurbo modeCheats
Victory
Defeat
🇨🇳 Magyars · China
1529
+16
🇨🇳 Vietnamese · China
1507
+17
🇨🇳 Ethiopians · China
1486
+18
🇨🇳 Varangians · China
1438
+19
🇮🇳 Khmer · India
1558
-19
🇨🇳 Spanish · China
1532
-18
🇺🇸 Saxons · United States
1510
-17
🇺🇸 Mongols · United States
1484
-16
小生怕怕
10:37 Loom
13:12 Feudal Age
Dwarf king
8:23 Loom
11:21 Feudal Age
15:01 Double-Bit Axe
YOGRANNYCANTSCRAP
8:54 Feudal Age
13:07 Fletching
Issue
6:44 Loom
8:59 Feudal Age
9:37 Double-Bit Axe
10:13 Horse Collar
14:04 Bloodlines
.
6:35 Loom
9:01 Feudal Age
9:29 Double-Bit Axe
13:28 Fletching
养几亿
8:18 Loom
10:21 Feudal Age
10:59 Double-Bit Axe
10:56 Fishing Lines
13:29 Bloodlines
luoul
6:35 Loom
8:54 Feudal Age
9:20 Double-Bit Axe
14:02 Fletching
15:21 Padded Archer Armor
Zilove_
7:22 Loom
9:36 Feudal Age
10:27 Double-Bit Axe
16:33 Wheelbarrow
Connection lost

Rejoining the realm…

Still unreachable

The connection could not be restored.

Session expired

The server has moved on; the page needs a fresh start.